 Dungeon Crawl Stone Soup version 0.29-a0-701-g5b5c5c9 (webtiles) character file.

Game seed: 15222452074221888225

17 Meow the Conjurer (level 2, 22/22 HPs)
             Began as a Naga Conjurer on June 25, 2022.
             Quit the game on level 1 of the Dungeon.
             The game lasted 00:02:21 (497 turns).

Meow the Conjurer (Naga Conjurer)                    Turns: 497, Time: 00:02:22

Health: 22/22      AC:  1    Str:  9    XL:     2   Next: 62%
Magic:  5/5        EV:  9    Int: 18    God:
Gold:   28         SH:  0    Dex:  9    Spells: 4/5 levels left

rFire   . . .      SeeInvis +   a - +0 short sword
rCold   . . .      Faith    .   (no shield)
rNeg    . . .      Spirit   .   f - +0 robe
rPois   +          Reflect  .   (no helmet)
rElec   .          Harm     .   (no cloak)
rCorr   .          Rampage  .   (no gloves)
Will    .....                   (no barding)
Stlth   ++........              (no amulet)
HPRegen 0.07/turn               (no ring)
MPRegen 0.09/turn               (no ring)

@: very slow
A: AC +0, large, see invisible, deformed body, poison resistance, slowness 2,
spit poison 1, naga tail 1
a: Spit Poison


You were on level 1 of the Dungeon.
You visited 1 branch of the dungeon, and saw 1 of its levels.

You collected 28 gold pieces.

Inventory:

Hand Weapons
 a - a +0 short sword (weapon)
Missiles
 g - a stone
Armour
 f - a +0 robe (worn)
Scrolls
 c - 3 scrolls of identify {unknown}
 d - a scroll of poison {unknown}
 j - a scroll of vulnerability {unknown}
Potions
 b - a potion of magic
 e - 2 potions of heal wounds {unknown}
 h - a potion of haste {unknown}
 i - a potion of might {unknown}


   Skills:
 - Level 1.5 Dodging
 + Level 3.6 Stealth
 + Level 2.3 Spellcasting
 + Level 4.2 Conjurations


You had 4 spell levels left.
You knew the following spells:

 Your Spells              Type           Power      Damage    Failure   Level
a - Magic Dart            Conj           68%        1d6       3%          1

Your spell library contained the following spells:

 Spells                   Type           Power      Damage    Failure   Level
 Searing Ray              Conj           34%        2d5       4%          2
 Conjure Flame            Conj/Fire      9%         6-21      22%         3
 Dazzling Flash           Conj/Hex       18%        N/A       22%         3
 Ignite Poison            Fire/Tmut/Pois 2%         N/A       47%         3
 Fulminant Prism          Conj/Hex       4%         3d6       58%         4
 Iskenderun's Mystic Bla  Conj/Tloc      9%         2d4       58%         4
 Sticky Flame             Conj/Fire      9%         2d3       58%         4


Dungeon Overview and Level Annotations

Branches:
Dungeon (1/15)

Altars:


Innate Abilities, Weirdness & Mutations

Your serpentine skin is tough. (AC +0)
You have supernaturally acute eyesight. (SInv)
Armour fits poorly on your strangely shaped body.
Your system is resistant to poisons. (rPois)
You cover ground very slowly.
You can spit poison.
You have a snake-like lower body.


Message History

Press: ? - help, Shift-Dir - straight line, f - giant cockroach
Aim: a giant cockroach (wandering, hasn't noticed you, 59% to hit)
The splash of poison misses the giant cockroach.
Unknown command.
Casting: Magic Dart (safe; 3% risk of failure)
Confirm with . or Enter, or press ? or * to list all spells.
Aiming: Magic Dart (safe; 3% risk of failure)
Press: ? - help, Shift-Dir - straight line, f/p - giant cockroach
Aim: a giant cockroach (wandering, hasn't noticed you, 100% to hit)
The magic dart hits the giant cockroach.
The giant cockroach is almost dead.
Unknown command.
Casting: Magic Dart (safe; 3% risk of failure)
Confirm with . or Enter, or press ? or * to list all spells.
Aiming: Magic Dart (safe; 3% risk of failure)
Press: ? - help, Shift-Dir - straight line, f/p - giant cockroach
Aim: a giant cockroach (almost dead, 100% to hit)
The magic dart hits the giant cockroach.
You kill the giant cockroach!
Unknown command.
Casting: Magic Dart (safe; 3% risk of failure)
Confirm with . or Enter, or press ? or * to list all spells.
You can't see any susceptible monsters within range! (Use Z to cast anyway.) Unknown command.
You start resting.
You have got your breath back.
You start resting.
A dart slug comes into view.
Aiming: Spit Poison (2% risk of failure)
Press: ? - help, Shift-Dir - straight line, f - dart slug
Aim: a dart slug (wandering, hasn't noticed you, 100% to hit)
The splash of poison hits the dart slug!
The dart slug is poisoned.
You kill the dart slug!
Unknown command.
You start resting.
You have got your breath back.
You start resting.
Magic restored.
Are you sure you want to abandon this character and quit the game? (Confirm with "yes".)

##†## .# #..# #.#
##.†.##..# #.#######..# #.#
#.....#..# # #..........#
#.### #.........
#.##########.# #....
#.....# # #. #.# #####
#....# ##.#)# #.# #.#.##
.^..† #.# #.#.#
##.#..#########.# #.#.#
#.....@.........#
#.#.#######################
#....#...#...#...#
#....†.⌠.#.⌠...⌠.#
##...#...#...#...#
##.###.###.###.## #.###.#
#.# #.# #..##.###.###.##
##.#...#...#...#


There were no monsters in sight!

Vanquished Creatures
  A dart slug (D:1)
  5 bats (D:1)
  A giant cockroach (D:1)
  2 goblins (D:1)
  3 ball pythons (D:1)
  A frilled lizard (D:1)
  3 kobolds (D:1)
  A rat (D:1)
17 creatures vanquished.

Notes
Turn   | Place    | Note
-------+----------+-------------------------------------------
     0 | D:1      | Meow the Naga Conjurer began the quest for the Orb.
     0 | D:1      | Reached XP level 1. HP: 15/15 MP: 3/3
   268 | D:1      | Found a faded altar of an unknown god.
   272 | D:1      | Reached XP level 2. HP: 22/22 MP: 5/5
   497 | D:1      | Quit the game

Illustrated notes

Levels and vault maps discovered:
D:1:      minmay_arrival_nine_rooms, layout_loops_ring,
          dreamdust_ecumenical_altar_grove

Action                   || total
-------------------------++-------
 Cast: Magic Dart        ||    13
 Abil: Spit Poison       ||    11
Armor: Robe              ||     1
Dodge: Dodged            ||     1

Table legend: (Time is in decaauts)
 A = Elapsed time spent in this place.
 B = Non-inter-level travel time spent in this place.
 C = Inter-level travel time spent in this place.
 D = Time resting spent in this place.
 E = Time spent auto-exploring this place.
 F = Levels seen in this place.
 G = Mean time per level.
                   A        B        C        D        E       F      G
               +--------+--------+--------+--------+--------+-----+--------+
         Total |    609 |    609 |      0 |    168 |      0 |   1 |  609.0 |
       Dungeon |    609 |    609 |      0 |    168 |      0 |   1 |  609.0 |
               +--------+--------+--------+--------+--------+-----+--------+

Top non-repeatable levels by time:
     D:1: 609 daAuts
